 Dungeon Crawl Stone Soup version 0.30-a0-618-gd6c86c23d0 (webtiles) character file.

Game seed: 4114931728628847517

39833 wormed the Unseen (level 14, 0/91 HPs)
             Began as a Kobold Brigand on Jan 9, 2023.
             Was a Follower of Uskayaw.
             Slain by a komodo dragon (3 damage)
             ... while petrified by a basilisk
             ... on level 5 of the Lair of Beasts.
             The game lasted 00:20:47 (16057 turns).

wormed the Unseen (Kobold Brigand)                 Turns: 16057, Time: 00:20:48

Health: 0/91       AC: 16    Str:  8    XL:     14   Next: 41%
Magic:  22/25      EV:  3    Int: 13    God:    Uskayaw [*.....]
Gold:   892        SH:  0    Dex: 30    Spells: 13/13 levels left

rFire   . . .      SeeInvis .    a - +3 dagger (vamp)
rCold   + . .      Faith    +    (no shield)
rNeg    + + +      Spirit   .    S - +3 troll leather armour {Snorg}
rPois   ∞          Reflect  .    k - +0 hat of the Kettle-Drum {rC+ Dex+6}
rElec   .          Harm     .    F - +0 cloak {rPois}
rCorr   .          Rampage  .    J - +2 pair of gloves {Dex+3}
Will    +....                    q - +0 pair of boots
Stlth   ++++++++                 P - amulet of faith
HPRegen 1.15/turn                C - +5 ring of evasion
MPRegen 0.19/turn                c - +4 ring of protection

@: petrified
A: small, no large weapons, nightstalker 3
a: Renounce Religion, Stomp


You were on level 5 of the Lair of Beasts.
You worshipped Uskayaw.
Uskayaw was pleased with you.
You visited 3 branches of the dungeon, and saw 17 of its levels.
You also visited: Ice Cave.

You collected 892 gold pieces.

Inventory:

Hand Weapons
 a - a +3 vampiric dagger (weapon)
Missiles
 d - 60 poisoned darts
 e - a throwing net
 u - 2 curare-tipped darts (quivered)
Armour
 k - the +0 hat of the Kettle-Drum (worn) {rC+ Dex+6}
   (You found it on level 5 of the Dungeon)

   Dex:       It affects your dexterity (+6).
   rC:        It protects you from cold.
 q - a +0 pair of boots (worn)
 F - a +0 cloak of poison resistance (worn)
 J - a +2 pair of gloves of dexterity (worn)
 S - a +3 troll leather armour (worn) {Snorg}
Jewellery
 c - a +4 ring of protection (right hand)
 f - a ring of resist corrosion
 n - a ring of positive energy
 w - a ring of protection from cold
 C - a +5 ring of evasion (left hand)
 D - a +5 ring of evasion
 G - a ring of protection from fire
 H - a ring of flight
 I - a ring of protection from fire
 P - an amulet of faith (around neck)
Wands
 m - a wand of quicksilver (3)
 r - a wand of flame (32)
 x - a wand of charming (23)
 y - a wand of digging (5)
 L - a wand of polymorph (5)
 U - a wand of mindburst (6)
Scrolls
 g - 7 scrolls of identify
 i - 2 scrolls of amnesia
 B - 2 scrolls of blinking
 E - a scroll of magic mapping
 M - 3 scrolls of teleportation
 N - a scroll of summoning
 O - 3 scrolls of poison
 Q - a scroll of enchant weapon
 T - a scroll of acquirement {unknown}
Potions
 b - 2 potions of brilliance
 h - 4 potions of haste
 j - 2 potions of lignification
 l - 4 potions of might
 o - 5 potions of degeneration
 p - 3 potions of resistance
 s - a potion of mutation
 t - a potion of curing
 v - 3 potions of flight
 z - 2 potions of invisibility
 A - a potion of attraction
 K - a potion of magic
 R - a potion of heal wounds


   Skills:
 + Level 11.9 Fighting
 - Level 10.0 Short Blades
 - Level 2.1 Throwing
 + Level 12.8 Dodging
 + Level 15.7 Stealth
 * Level 14.9 Invocations


You had 13 spell levels left.
You didn't know any spells.
Your spell library contained the following spells:

 Spells                   Type           Power      Damage    Failure   Level
 Beastly Appendage        Tmut           0%         N/A       41%         1
 Sandblast                Erth           0%         2d4       41%         1
 Ensorcelled Hibernation  Hex/Ice        0%         N/A       56%         2
 Passwall                 Tmut/Erth      0%         N/A       56%         2
 Sublimation of Blood     Necr           0%         N/A       56%         2
 Wereblood                Tmut           0%         N/A       56%         2
 Ozocubu's Armour         Ice            0%         N/A       80%         3
 Spider Form              Tmut/Pois      0%         N/A       80%         3
 Stone Arrow              Conj/Erth      0%         3d7       80%         3
 Swiftness                Air            0%         N/A       80%         3
 Summon Ice Beast         Ice/Summ       0%         N/A       99%         4
 Summon Forest            Summ/Tloc      0%         N/A       100%        5
 Summon Mana Viper        Hex/Summ       0%         N/A       100%        5
 Eringya's Noxious Bog    Tmut/Pois      0%         N/A       100%        6
 Monstrous Menagerie      Summ           0%         N/A       100%        7
 Ozocubu's Refrigeration  Ice            0%         4d7       100%        7
 Summon Hydra             Summ           0%         N/A       100%        7


Dungeon Overview and Level Annotations

Branches:
Dungeon (11/15)            Temple (1/1) D:6            Lair (5/5) D:10
  Swamp (0/4) Lair:2       Spider (0/4) Lair:3        Slime (0/5) Lair:4
  IceCv (visited)
    Orc: D:9-12

Altars:
Cheibriados
Elyvilon
Fedhas
Gozag
Hepliaklqana
Makhleb
Nemelex Xobeh
Okawaru
Qazlal
Ru
Sif Muna
Trog
Uskayaw
Vehumet
Wu Jian
Xom
The Shining One
Jiyva

Shops:
D:3 (

Annotations:
D:9 exclusion: orange crystal statue
Temple 2 transporters


Innate Abilities, Weirdness & Mutations

You are small and have problems with some larger weapons.
You are completely attuned to the shadows.


Message History

The ball of steam hits the hell hound.
The hell hound resists.
The ball of steam hits you.
You hear an angry hiss. x4
You are engulfed in a cloud of scalding steam.
The hell hound bites you but does no damage.
The hell hound pauses to sniff the ground.
The hell hound breathes flames at you. The blast of flame hits you.
The komodo dragon barely misses you.
The hell hound bites you but does no damage.
The basilisk is engulfed in a cloud of scalding steam.
The komodo dragon is engulfed in a cloud of scalding steam.
The komodo dragon bites you but does no damage.
You are engulfed in a cloud of scalding steam.
The hell hound bites you but does no damage.
The hell hound bites you!
The komodo dragon bites you but does no damage.
The hell hound completely misses you. The komodo dragon bites you!!
* * * LOW HITPOINT WARNING * * *
The basilisk is engulfed in a cloud of scalding steam.
You are engulfed in a cloud of scalding steam.
The hell hound bites you.
* * * LOW HITPOINT WARNING * * *
The hell hound bites you but does no damage.
The komodo dragon bites you!
* * * LOW HITPOINT WARNING * * *
The hell hound bites you.
* * * LOW HITPOINT WARNING * * *
The komodo dragon bites you but does no damage.
The basilisk is engulfed in a cloud of scalding steam.
The hell hound breathes flames at you. The blast of flame hits you!
* * * LOW HITPOINT WARNING * * *
The hell hound bites you.
* * * LOW HITPOINT WARNING * * *
The hell hound bites you but does no damage.
The komodo dragon is engulfed in a cloud of scalding steam.
The komodo dragon bites you!
* * * LOW HITPOINT WARNING * * *
The komodo dragon bites you.
You die...

##........D
#...........
#..kh......
##.hllD....#
#8..@hl....#
##.####....#
#8 ##..## #
#..# #####
##.## ##...#
#.#.#
##....##
###..##
##.(....#
####.P...#
#.....###
##......P.##


You could see a lindwurm, 2 komodo dragons, a basilisk, a steam dragon (catching
breath) and 3 hell hounds.

Vanquished Creatures
  Gastronok (D:8)
  Snorg (Lair:4)
  A catoblepas (Lair:2)
  4 hydras
  A boulder beetle (D:11)
  3 two-headed ogres
  6 death yaks (Lair:5)
  Urug (Lair:3)
  A swamp dragon (Lair:1)
  Pikel (D:8)
  A manticore (D:11)
  Maurice (D:8)
  7 black mambas
  12 cane toads
  3 kobold demonologists
  4 rime drakes
  A komodo dragon (Lair:5)
  2 trolls
  2 polar bears
  A tyrant leech (Lair:2)
  3 blink frogs (Lair:1)
  4 dream sheep (Lair:3)
  2 shadows
  5 wyverns
  5 basilisks
  48 yaks
  2 vampire mosquitoes (D:11)
  2 steam dragons
  A swamp worm (Lair:2)
  2 acid dragons
  19 water moccasins
  A sky beast (D:7)
  2 black bears
  4 orc warriors
  4 ice beasts (D:7)
  12 wolves
  2 centaurs
  4 kobold brigands
  6 bullfrogs
  9 necrophages
  4 scorpions
  4 wights (D:7)
  26 killer bees
  An electric eel (D:7)
  3 howler monkeys
  A jelly (D:7)
  4 orc priests
  2 hounds
  7 orc wizards
  5 iguanas
  3 gnolls (D:4)
  6 adders
  2 white imps
  An ufetubus (D:7)
  A worm (D:2)
  5 dart slugs
  33 orcs
  4 bats
  5 endoplasms
  2 giant cockroaches (D:3)
  2 goblins (D:1)
  5 hobgoblins
  5 quokkas
  7 ball pythons
  A frilled lizard (D:1)
  18 kobolds
  6 rats
354 creatures vanquished.

Vanquished Creatures (others)
  22 fungi
  15 plants
37 creatures vanquished.

Grand Total: 391 creatures vanquished

Notes
Turn   | Place    | Note
-------+----------+-------------------------------------------
     0 | D:1      | wormed the Kobold Brigand began the quest for the Orb.
     0 | D:1      | Reached XP level 1. HP: 12/12 MP: 1/1
   175 | D:1      | Reached XP level 2. HP: 18/18 MP: 2/2
   471 | D:1      | Reached XP level 3. HP: 22/22 MP: 3/3
  1361 | D:2      | Reached XP level 4. HP: 27/27 MP: 4/4
  1455 | D:3      | Noticed a necrophage
  1616 | D:3      | Found Nuzun's Weapon Emporium.
  1656 | D:3      | Noticed a necrophage
  1988 | D:4      | Reached skill level 6 in Stealth
  2197 | D:4      | Reached XP level 5. HP: 31/32 MP: 5/5
  2301 | D:4      | Reached skill level 5 in Short Blades
  2301 | D:4      | Reached XP level 6. HP: 17/37 MP: 6/6
  3210 | D:3      | Reached XP level 7. HP: 17/42 MP: 7/7
  3471 | D:5      | Entered Level 5 of the Dungeon
  3561 | D:5      | Reached skill level 7 in Stealth
  4199 | D:5      | Found an iron altar of Okawaru.
  4241 | D:5      | Identified the +0 hat of the Kettle-Drum {rC+ Dex+6}
  4275 | D:5      | Reached XP level 8. HP: 48/48 MP: 8/8
  4791 | D:6      | HP: 2/48 [orc warrior/+0 war axe (18)]
  4968 | D:6      | Found a radiant altar of Vehumet.
  5067 | D:6      | Found a staircase to the Ecumenical Temple.
  5118 | D:6      | Reached skill level 5 in Fighting
  5118 | D:6      | Reached skill level 5 in Dodging
  5118 | D:6      | Reached skill level 8 in Stealth
  5180 | Temple   | Entered the Ecumenical Temple
  5183 | Temple   | Found a transporter.
  5183 | Temple   | Found a transporter.
  5185 | Temple   | Found a transporter.
  5185 | Temple   | Found a transporter.
  5205 | Temple   | Became a worshipper of Uskayaw the Reveller
  5310 | D:6      | Reached * piety under Uskayaw
  5368 | D:6      | Reached ** piety under Uskayaw
  5582 | D:6      | Reached skill level 1 in Invocations
  5770 | D:6      | Found a sparkling altar of Nemelex Xobeh.
  5971 | D:7      | Reached *** piety under Uskayaw
  5973 | D:7      | Reached XP level 9. HP: 54/54 MP: 10/10
  5974 | D:7      | Reached **** piety under Uskayaw
  5987 | D:7      | Reached ***** piety under Uskayaw
  5991 | D:7      | Reached ****** piety under Uskayaw
  6350 | D:7      | Reached skill level 9 in Stealth
  6495 | D:7      | Reached skill level 10 in Short Blades
  6688 | D:7      | Reached skill level 5 in Invocations
  6773 | D:7      | Reached XP level 10. HP: 42/61 MP: 13/13
  6990 | D:8      | Noticed Maurice
  7077 | D:8      | Killed Maurice
  7078 | D:8      | Reached skill level 10 in Stealth
  7117 | D:8      | Noticed a two-headed ogre
  7122 | D:8      | Killed a two-headed ogre
  7248 | D:8      | Noticed Gastronok
  7283 | D:8      | Killed Gastronok
  7471 | D:8      | Noticed Pikel
  7515 | D:8      | Killed Pikel
  7516 | D:8      | Reached skill level 11 in Stealth
  7516 | D:8      | Reached XP level 11. HP: 43/68 MP: 15/17
  8076 | D:9      | Noticed a soul eater
  8413 | D:9      | Found a snail-covered altar of Cheibriados.
  8498 | D:9      | Identified the +8 quarterstaff of Buatus {drain, Str+4}
  8692 | D:9      | Noticed an orange crystal statue
  9148 | D:10     | Entered Level 10 of the Dungeon
  9327 | D:10     | Reached skill level 12 in Stealth
  9414 | D:10     | Noticed a two-headed ogre
  9418 | D:10     | Killed a two-headed ogre
  9419 | D:10     | Reached skill level 10 in Invocations
  9435 | D:10     | Found a staircase to the Lair.
  9594 | D:10     | Found a shimmering altar of Xom.
  9594 | D:10     | Found a bloodstained altar of Trog.
  9594 | D:10     | Found a hazy altar of Hepliaklqana.
  9855 | D:11     | Found a frozen archway.
  9882 | IceCv    | Entered an ice cave
  9884 | IceCv    | Noticed a white ugly thing
 10120 | D:11     | Noticed a manticore
 10148 | D:11     | Killed a manticore
 10191 | D:11     | Reached XP level 12. HP: 76/76 MP: 19/19
 10510 | D:11     | Noticed a boulder beetle
 10538 | D:11     | Killed a boulder beetle
 10626 | D:11     | Reached skill level 10 in Dodging
 10853 | D:11     | Noticed a two-headed ogre
 10865 | D:11     | HP: 3/76 [two-headed ogre/+0 giant club (15)]
 10867 | D:11     | Killed a two-headed ogre
 11011 | Lair:1   | Entered Level 1 of the Lair of Beasts
 11202 | Lair:1   | Found a transporter.
 11246 | Lair:1   | Reached skill level 13 in Stealth
 11338 | Lair:1   | Found a transporter.
 11343 | Lair:1   | Identified the +0 leather armour of Jeaczydo {rPois rC+
                  | Will+}
 11923 | Lair:1   | Noticed a swamp dragon
 11926 | Lair:1   | Noticed a swamp dragon
 11926 | Lair:1   | Noticed a swamp dragon
 11927 | Lair:1   | Killed a swamp dragon
 12079 | Lair:2   | Reached skill level 10 in Fighting
 12177 | Lair:2   | Noticed an eight-headed hydra
 12178 | Lair:2   | Noticed an eight-headed hydra
 12181 | Lair:2   | Killed an eight-headed hydra
 12183 | Lair:2   | Killed an eight-headed hydra
 12184 | Lair:2   | Reached XP level 13. HP: 82/82 MP: 22/22
 12200 | Lair:2   | Found a staircase to the Swamp.
 12322 | Lair:2   | Reached skill level 14 in Stealth
 12603 | Lair:2   | Noticed a catoblepas
 12656 | Lair:2   | Killed a catoblepas
 12964 | Lair:3   | Noticed Urug
 13163 | Lair:3   | Killed Urug
 13203 | Lair:3   | Found a hole to the Spider Nest.
 14541 | Lair:4   | Reached skill level 15 in Stealth
 14542 | Lair:4   | Noticed Snorg
 14559 | Lair:4   | Killed Snorg
 14670 | Lair:4   | Noticed a five-headed hydra
 14678 | Lair:4   | Killed a five-headed hydra
 14868 | Lair:4   | Reached XP level 14. HP: 90/90 MP: 24/24
 15170 | Lair:4   | Found a viscous altar of Jiyva.
 15170 | Lair:4   | Found a staircase to the Slime Pits.
 15283 | Lair:5   | Entered Level 5 of the Lair of Beasts
 16057 | Lair:5   | HP: 3/91 [komodo dragon (7)]
 16057 | Lair:5   | Slain by a komodo dragon

Illustrated notes

Levels and vault maps discovered:
D:1:      psy_arrival_terrarium, layout_basic, kennysheep_decorative_pillar,
          ebering_dispersal_statue_hall
D:2:      layout_basic
D:3:      layout_basic, serial_shops, shop
D:4:      layout_loops_cross
D:5:      layout_basic, lemuel_crystal_altar,
          nicolae_concentric_dashed_squares_mild
D:6:      layout_basic, mainiacjoe_overflow_catwalk,
          nemelex_diamond_rough_becter, minmay_temple_entry_gardened_gates
D:7:      wad_river_or_something, layout_basic, patterned_corridor
D:8:      layout_loops_ring, uniq_gastronok, uniq_maurice, uniq_pikel
D:9:      layout_basic, kennysheep_slug_shrine, enter_bailey_4,
          grunt_ministairs_9, minivault_16
D:10:     minmay_spotlight, layout_cave_pools, gammafunk_temple_overflow_claw
D:11:     layout_gridville, portal_ice_cave_entry_pillars_1
Temple:   hellmonk_temple_divided_pantheon
Lair:1:   gammafunk_cloud_chamber, layout_big_grid
Lair:2:   layout_misc_corridors, palyth_hydra_swamp_entry, serial_bayou_pond_e,
          serial_bayou_pond_e, minmay_hedge_maze
Lair:3:   layout_roguey, dummy_spider_entry, chequers_serial_rivers_large_b,
          roderic_carrion_pond, uniq_urug
Lair:4:   layout_regular_city, slime_entry_1, beast_lair_carwin_10, uniq_snorg
Lair:5:   cheibrodos_lair_end_hotspot, layout_cave_pods, lemuel_fruit_tree

Skill      XL: |  1  2  3  4  5  6  7  8  9 10 11 12 13 |
---------------+----------------------------------------+-----
Short Blades   | 3 4 5 6 7 8 10 | 10.0
Dodging        | 2 3 4 5 6 8 9 11 12 | 12.8
Fighting       | 3 4 5 6 7 9 10 11 | 11.9
Stealth        | 6 7 8 9 11 12 13 15 | 15.7
Invocations    | 2 5 8 10 12 14 | 14.9
Throwing       | |  2.1

Action                   |  1- 3 |  4- 6 |  7- 9 | 10-12 | 13-15 || total
-------------------------+-------+-------+-------+-------+-------++-------
Melee: Dagger            |    56 |   125 |   340 |   707 |   641 ||  1869
       Punch             |       |     2 |     7 |    12 |    10 ||    31
Throw: Dart              |     2 |    10 |     2 |     2 |     2 ||    18
       Throwing net      |       |       |     1 |       |       ||     1
Invok: Line Pass         |       |       |       |     7 |     5 ||    12
       Stomp             |       |       |       |     8 |       ||     8
  Use: Scroll            |     6 |     6 |    12 |     5 |     2 ||    31
       Potion            |       |     1 |       |     5 |       ||     6
 Stab: Sleeping          |    14 |    13 |    25 |    38 |    27 ||   117
       Paralysed         |       |       |    12 |    23 |    38 ||    73
       Held in net/web   |       |       |     1 |       |       ||     1
       Distracted        |       |       |     1 |     4 |     5 ||    10
       Confused          |       |       |       |     5 |     4 ||     9
Armor: Robe              |     7 |    11 |     9 |       |       ||    27
       Steam dragon scal |       |       |    19 |       |       ||    19
       Troll leather arm |       |       |     6 |    86 |    73 ||   165
Dodge: Dodged            |    29 |    54 |   167 |   567 |   619 ||  1436
Block: Other             |       |       |       |       |    17 ||    17

Table legend: (Time is in decaauts)
 A = Elapsed time spent in this place.
 B = Non-inter-level travel time spent in this place.
 C = Inter-level travel time spent in this place.
 D = Time resting spent in this place.
 E = Time spent auto-exploring this place.
 F = Levels seen in this place.
 G = Mean time per level.
                   A        B        C        D        E       F      G
               +--------+--------+--------+--------+--------+-----+--------+
         Total |  15274 |  14790 |    484 |      0 |  12176 |  18 |  848.6 |
       Dungeon |  10496 |  10135 |    361 |      0 |   8444 |  11 |  954.2 |
        Temple |     40 |     40 |      0 |      0 |      9 |   1 |   40.0 |
          Lair |   4730 |   4608 |    122 |      0 |   3723 |   5 |  946.0 |
      Ice Cave |      6 |      6 |      0 |      0 |      0 |   1 |    6.0 |
               +--------+--------+--------+--------+--------+-----+--------+

Top non-repeatable levels by time:
     D:5: 1245 daAuts
  Lair:4: 1143 daAuts
    D:11: 1137 daAuts
     D:3: 1070 daAuts
  Lair:3: 1052 daAuts
     D:9: 1050 daAuts
     D:4: 1037 daAuts
  Lair:1: 991 daAuts
     D:8: 984 daAuts
     D:7: 943 daAuts
     D:6: 928 daAuts
  Lair:2: 869 daAuts
     D:2: 825 daAuts
  Lair:5: 673 daAuts
     D:1: 657 daAuts
